 Dungeon Crawl Stone Soup version 0.27.0-1-g7a089689b8 (webtiles) character file.

Game seed: 15889533343844260684

10571 quinnr the Zephyrmancer (level 11, -3/64 HPs)
             Began as a Tengu Air Elementalist on Aug 13, 2021.
             Was a Follower of Nemelex Xobeh.
             Slain by an orc knight (6 damage)
             ... on level 10 of the Dungeon.
             The game lasted 00:30:42 (15739 turns).

quinnr the Zephyrmancer (Tengu Air Elementalist)   Turns: 15739, Time: 00:30:43

Health: -3/64      AC:  7    Str:  8    XL:     11   Next: 64%
Magic:  8/22       EV: 20    Int: 20    God:    Nemelex Xobeh [*.....]
Gold:   460        SH:  0    Dex: 14    Spells: 3/23 levels left

rFire    . . .     SeeInvis .   l - +4 dagger (elec)
rCold    . . .     Faith    +   (no shield)
rNeg     + . .     Spirit   .   t - +1 robe {Will+}
rPois    .         Reflect  .   (helmet restricted)
rElec    .         Harm     .   J - +1 cloak
rCorr    .         Rampage  .   j - +1 pair of gloves
Will     +....                  (boots unavailable)
Stlth    +++.......             M - amulet of faith
HPRegen  0.20/turn              e - ring of positive energy
MPRegen  0.18/turn              (no ring)

@: on berserk cooldown, flying quickly and evasively, slowed, very slow
A: beak, talons 3, nimble flight
a: Renounce Religion, Draw Escape, Draw Destruction, Draw Summoning


You were on level 10 of the Dungeon.
You worshipped Nemelex Xobeh.
Nemelex Xobeh was aware of your devotion.
You visited 2 branches of the dungeon, and saw 11 of its levels.

You collected 460 gold pieces.

Inventory:

Hand Weapons
 i - a +0 rapier
 l - a +4 dagger of electrocution (weapon)
 y - the +9 hunting sling "Qulosex" {freeze, rElec rF+ MP-9 Stlth+}
   (You found it on level 6 of the Dungeon)

   Any ammunition fired from it freezes those it strikes, dealing additional
   cold damage.
   It can also slow down cold-blooded creatures.
   rF:        It protects you from fire.
   rElec:     It insulates you from electricity.
   MP:        It affects your magic capacity (-9).
   Stlth:     It makes you more stealthy.
Missiles
 f - 63 poisoned darts
 w - 13 throwing nets
 G - 5 atropa-tipped darts
Armour
 a - a +0 robe
 j - a +1 pair of gloves (worn)
 o - +0 steam dragon scales
 t - a +1 robe of willpower (worn)
 A - a +3 leather armour of fire resistance
 H - a scarf of invisibility
 J - a +1 cloak (worn)
 K - a +2 leather armour of cold resistance
Magical Staves
 d - a staff of air
Jewellery
 e - a ring of positive energy (left hand)
 M - an amulet of faith (around neck)
Wands
 r - a wand of mindburst (13)
 C - a wand of paralysis (7)
 E - a wand of polymorph (9)
 I - a wand of digging (13)
Scrolls
 b - 5 scrolls of teleportation
 h - 2 scrolls of magic mapping {unknown}
 k - 3 scrolls of blinking {unknown}
 m - 2 scrolls of brand weapon
 n - 2 scrolls of enchant weapon {unknown}
 u - a scroll of torment {unknown}
 x - a scroll of vulnerability
 L - a scroll of silence {unknown}
Potions
 c - a potion of attraction
 g - 2 potions of lignification
 p - a potion of heal wounds
 q - 3 potions of brilliance
 s - 2 potions of flight
 z - 3 potions of ambrosia
 D - 2 potions of haste
 F - 2 potions of invisibility {unknown}


   Skills:
 - Level 6.0 Fighting
 - Level 1.0 Short Blades
 - Level 1.0 Staves
 - Level 10.0 Dodging
 - Level 5.0 Stealth
 + Level 6.9 Spellcasting
 - Level 3.0 Conjurations
 + Level 4.0 Summonings
 - Level 4.0 Translocations
 - Level 12.0 Air Magic
 - Level 4.0 Evocations


You had 3 spell levels left.
You knew the following spells:

 Your Spells              Type           Power      Damage    Failure   Level
a - Shock                 Conj/Air       100%       1d9       1%          1
b - Airstrike             Air            26%        N/A       1%          4
c - Swiftness             Air            53%        N/A       1%          3
d - Storm Form            Tmut/Air       15%        N/A       100%        7
e - Blink                 Tloc           N/A        N/A       2%          2
f - Call Canine Familiar  Summ           23%        N/A       5%          3

Your spell library contained the following spells:

 Spells                   Type           Power      Damage    Failure   Level
 Summon Small Mammal      Summ           92%        N/A       1%          1
 Static Discharge         Conj/Air       36%        N/A       1%          2
 Summon Guardian Golem    Hex/Summ       15%        N/A       12%         3
 Portal Projectile        Hex/Tloc       28%        N/A       13%         3
 Manifold Assault         Tloc           22%        N/A       45%         5
 Blade Hands              Tmut           3%         N/A       95%         5
 Excruciating Wounds      Necr           3%         N/A       95%         5


Dungeon Overview and Level Annotations

Branches:
Dungeon (10/15)            Temple (1/1) D:7            Lair (0/6) D:8
    Orc: D:9-12

Altars:
Ashenzari
Cheibriados
Dithmenos
Elyvilon
Fedhas
Gozag
Hepliaklqana
Kikubaaqudgha
Makhleb
Nemelex Xobeh
Okawaru
Qazlal
Ru
Sif Muna
Trog
Uskayaw
Vehumet
Wu Jian
Xom
Yredelemnul
Zin
The Shining One

Shops:
D:1 (   D:2 :

Annotations:
D:10 3 runed translucent doors, Krazlmac's ghost, journeyman MiFi


Innate Abilities, Weirdness & Mutations

You have a beak for a mouth.
You have claws for feet.
Your magical nature lets you fly swiftly and evasively.


Message History

Your hound's corpse disappears in a puff of smoke!
Unknown command.
You feel a strong urge to attack something.
The orc knight hits you with a +1 battleaxe of freezing!
The orc knight freezes you!
You hit the orc knight.
The orc knight is lightly wounded.
The orc knight hits you with a +1 battleaxe of freezing!
The orc knight freezes you.
You hit the orc knight. Your kick misses the orc knight.
Your peck misses the orc knight.
The orc knight is lightly wounded.
You barely miss the orc knight. You peck the orc knight.
The orc knight is lightly wounded.
The orc knight hits you with a +1 battleaxe of freezing!
The orc knight freezes you.
You barely miss the orc knight. Your kick misses the orc knight.
The orc knight is lightly wounded.
The orc knight barely misses you.
You completely miss the orc knight.
The orc knight is lightly wounded.
You are too berserk!
Unknown command.
Unknown command.
The orc knight hits you with a +1 battleaxe of freezing.
The orc knight freezes you.
You feel a strong urge to attack something.
Things that are here:
a +0 giant club; a +0 giant club You feel your anger nearly subside.
You are no longer berserk.
You are exhausted.
You feel yourself slow down.
Casting: Call Canine Familiar (dangerous; 5% risk of failure)
Confirm with . or Enter, or press ? or * to list all spells.
You blink.
The orc knight hits you with a +1 battleaxe of freezing!!
* * * LOW HITPOINT WARNING * * *
The orc knight freezes you.
You die...
Your body glows slightly and disappears.

#...##.........#....
##†..###...........#
#.#'#.#......##..##
#####...##.....###... ...
###.#......#.....###..#
..###...##..#..##.....#....
#'#.)....#......#.......#..
#.....#..##...###.......#).
##..###..o@.###........#.).
#...###..###...##.##..#...
##..#.....#.#...........))
#...)..######..........).
##...### ###+++###....
#.### #?.W..(.#.... ###
#..(....##... #....♣..##...
#♣(.....##...


You could see an orc knight.

Vanquished Creatures
  2 two-headed ogres
  Maurice (D:9)
  Joseph (D:9)
  An unseen horror (D:10)
  2 hornets
  Prince Ribbit (D:8)
  A shadow (D:9)
  A wyvern (D:7)
  A wraith (D:10)
  Eustachio (D:6)
  18 yaks
  An acid dragon (D:8)
  4 water moccasins
  3 orc warriors
  An ice beast (D:6)
  2 black bears
  2 ogres
  2 centaurs (D:7)
  7 kobold brigands
  4 bullfrogs
  A scorpion (D:6)
  4 gnoll sergeants (D:6)
  A wyvern skeleton (D:6)
  11 killer bees (D:9)
  2 water moccasin skeletons
  2 howler monkeys (D:8)
  4 wights (D:7)
  2 electric eels (D:6)
  A bullfrog zombie (D:7)
  A centaur zombie (D:9)
  3 orc priests
  10 hounds
  2 gnoll shamans
  A bullfrog skeleton (D:5)
  6 iguanas
  8 orc wizards
  23 gnolls
  6 adders
  A white imp (D:6)
  A worm (D:2)
  2 dart slugs
  27 orcs
  4 endoplasms
  5 giant cockroaches
  4 goblins
  8 hobgoblins
  6 jackals (D:6)
  3 quokkas
  5 ball pythons
  6 bats
  3 frilled lizards
  40 kobolds
  7 rats
266 creatures vanquished.

Vanquished Creatures (collateral kills)
  A yak (D:9)
1 creature vanquished.

Vanquished Creatures (others)
  15 fungi (D:8)
  19 plants (D:8)
  4 toadstools (D:1)
38 creatures vanquished.

Grand Total: 305 creatures vanquished

Notes
Turn   | Place    | Note
-------+----------+-------------------------------------------
     0 | D:1      | quinnr the Tengu Air Elementalist began the quest for the
                  | Orb.
     0 | D:1      | Reached XP level 1. HP: 10/10 MP: 4/4
     0 | D:1      | Found Ifietaew's Weapon Emporium.
   316 | D:1      | Found a faded altar of an unknown god.
   323 | D:1      | Reached XP level 2. HP: 15/15 MP: 1/6
  1076 | D:2      | Reached XP level 3. HP: 19/19 MP: 0/7
  1209 | D:2      | Found Fiemenis's Book Boutique.
  1395 | D:2      | Reached skill level 5 in Air Magic
  2412 | D:3      | Reached skill level 1 in Short Blades
  2412 | D:3      | Reached XP level 4. HP: 22/24 MP: 1/8
  2928 | D:3      | Learned a level 4 spell: Airstrike
  3207 | D:4      | Identified a scroll of acquirement
  3207 | D:4      | Acquired a staff of air
  3260 | D:4      | Gained mutation: Your magical nature lets you fly swiftly
                  | and evasively. [Tengu growth]
  3260 | D:4      | Reached XP level 5. HP: 21/28 MP: 0/10
  3794 | D:4      | Noticed an ogre
  3803 | D:4      | Reached skill level 1 in Fighting
  3814 | D:4      | Killed an ogre
  3815 | D:4      | Reached XP level 6. HP: 35/35 MP: 1/11
  4435 | D:5      | Entered Level 5 of the Dungeon
  4485 | D:5      | Reached skill level 6 in Air Magic
  4485 | D:5      | Reached XP level 7. HP: 40/40 MP: 2/13
  4923 | D:5      | Reached skill level 7 in Air Magic
  5271 | D:5      | Reached skill level 8 in Air Magic
  5848 | D:6      | Learned a level 3 spell: Swiftness
  5859 | D:6      | Reached XP level 8. HP: 44/44 MP: 10/15
  6375 | D:5      | Reached skill level 5 in Dodging
  6375 | D:5      | Reached skill level 5 in Stealth
  6659 | D:6      | Reached skill level 5 in Spellcasting
  6812 | D:6      | Reached skill level 1 in Evocations
  6920 | D:6      | Identified the +9 hunting sling "Qulosex" {freeze, rElec
                  | rF+ MP-9 Stlth+}
  6984 | D:6      | Reached XP level 9. HP: 32/50 MP: 2/17
  7211 | D:6      | Noticed Eustachio
  7234 | D:6      | Killed Eustachio
  8087 | D:6      | Reached skill level 1 in Staves
  9364 | D:7      | Found a staircase to the Ecumenical Temple.
  9380 | Temple   | Entered the Ecumenical Temple
  9783 | Temple   | Became a worshipper of Nemelex Xobeh the Trickster
  9827 | D:7      | Reached skill level 9 in Air Magic
 10156 | D:7      | Reached XP level 10. HP: 58/58 MP: 10/19
 10353 | D:7      | Learned a level 7 spell: Storm Form
 10356 | D:7      | Learned a level 2 spell: Blink
 10727 | D:8      | Reached skill level 1 in Translocations
 10902 | D:8      | Noticed Prince Ribbit
 10922 | D:8      | Reached skill level 5 in Fighting
 11167 | D:8      | Killed Prince Ribbit
 11168 | D:8      | Reached skill level 10 in Air Magic
 11240 | D:8      | Found a staircase to the Lair.
 11697 | D:8      | Paralysed by a hornet for 2 turns
 12010 | D:8      | Reached * piety under Nemelex Xobeh
 12775 | D:9      | Noticed Joseph
 12785 | D:9      | Killed Joseph
 12933 | D:9      | Reached skill level 11 in Air Magic
 12933 | D:9      | Reached XP level 11. HP: 64/64 MP: 8/21
 13122 | D:9      | Noticed a two-headed ogre
 13129 | D:9      | Killed a two-headed ogre
 13264 | D:9      | Learned a level 3 spell: Call Canine Familiar
 13310 | D:9      | Reached skill level 1 in Summonings
 13629 | D:9      | Received a gift from Nemelex Xobeh
 13715 | D:10     | Entered Level 10 of the Dungeon
 13764 | D:10     | Noticed Maurice
 14268 | D:9      | Killed Maurice
 15259 | D:10     | Noticed Krazlmac's ghost (journeyman MiFi)
 15279 | D:10     | Found a runed translucent gate.
 15279 | D:10     | Found a runed translucent gate.
 15283 | D:10     | Found a runed translucent gate.
 15372 | D:10     | Found an ornate altar of the Wu Jian Council.
 15534 | D:10     | Reached skill level 12 in Air Magic
 15706 | D:10     | Noticed a two-headed ogre
 15719 | D:10     | Noticed an orc knight
 15721 | D:10     | Killed a two-headed ogre
 15722 | D:10     | Reached skill level 10 in Dodging
 15739 | D:10     | HP: 3/64 [orc knight (19)]
 15739 | D:10     | Slain by an orc knight

Illustrated notes

Levels and vault maps discovered:
D:1:      ldierk_water_garden, layout_rooms, basic_ecumenical_altar,
          serial_shops, shop, minivault_19
D:2:      layout_loops_corners, serial_shops, shop
D:3:      layout_rooms
D:4:      layout_loops_corners
D:5:      layout_basic
D:6:      layout_cave_pools, serial_gnoll_camp, gnoll_camp_huts_moat,
          gnoll_camp_mini_doghouse, gnoll_camp_mini_sergeant,
          gnoll_camp_mini_hut, minmay_misc_feat_room, uniq_eustachio
D:7:      layout_basic, minmay_temple_entry_grid
D:8:      layout_basic, grunt_lair_entry_orc_guard_hut,
          kennysheep_generic_room_14, uniq_prince_ribbit1
D:9:      layout_loops_ring, uniq_joseph
D:10:     minmay_slanted_spiral_squares, layout_cave_pools,
          nicolae_wu_jian_immortal_techniques, ebering_ghost_rock_garden,
          nicolae_trove_entry_path_of_doom, grunt_decor_fettered, uniq_maurice,
          uniq_nergalle
Temple:   roderic_octagonal_lattice_temple

Skill      XL: |  1  2  3  4  5  6  7  8  9 10 11 |
---------------+----------------------------------+-----
Air Magic      | 5 6 8 9 11 12 | 12.0
Short Blades   | 1 |  1.0
Stealth        | 3 4 5 |  5.0
Spellcasting   | 3 4 5 6 |  6.9
Fighting       | 1 2 3 4 6 |  6.0
Dodging        | 3 4 6 8 10 | 10.0
Conjurations   | 2 3 |  3.0
Evocations     | 1 3 4 |  4.0
Staves         | 1 |  1.0
Translocations | 4 |  4.0
Summonings     | 4 |  4.0

Action                   |  1- 3 |  4- 6 |  7- 9 | 10-12 || total
-------------------------+-------+-------+-------+-------++-------
Melee: Unarmed           |     4 |       |       |       ||     4
       Dagger            |       |     3 |    24 |     5 ||    32
       Kick              |       |     2 |     7 |     6 ||    15
       Peck              |       |     1 |     9 |     5 ||    15
       Staff             |       |     6 |    18 |    19 ||    43
Throw: Dart              |       |       |       |     9 ||     9
 Cast: Shock             |    93 |    93 |   182 |   121 ||   489
       Airstrike         |       |     4 |    79 |    73 ||   156
       Call Canine Famil |       |       |       |     8 ||     8
       Blink             |       |       |       |     5 ||     5
       Swiftness         |       |       |       |     2 ||     2
Evoke: Wand              |       |       |     9 |    25 ||    34
  Use: Scroll            |       |    11 |     4 |     1 ||    16
       Potion            |       |       |       |     2 ||     2
 Stab: Sleeping          |       |       |     1 |       ||     1
Armor: Robe              |     4 |     4 |       |    18 ||    26
       Steam dragon scal |       |     2 |    17 |     2 ||    21
Dodge: Dodged            |    13 |    17 |    59 |   114 ||   203
